 Dungeon Crawl Stone Soup version 0.29.1-1-gd02db6906a (webtiles) character file.

Game seed: 4246412825859271268

11273 topfpfpflanze the Frost Mage (level 11, 0/79 (86) HPs)
             Began as a Demonspawn Ice Elementalist on Sept 26, 2022.
             Was a Priest of Sif Muna.
             Constricted to death by a spectral naga ritualist (3 damage)
             ... called from beyond by a ghost crab
             ... in a Gauntlet.
             The game lasted 00:18:10 (14376 turns).

topfpfpflanze the Frost Mage (DsIE)                Turns: 14376, Time: 00:18:11

HP:   0/79 (86)     AC:  8    Str: 14    XL:     11   Next: 47%
MP:   22/31         EV: 12    Int: 20    God:    Sif Muna [***...]
Gold: 618           SH:  5    Dex: 14    Spells: 14/25 levels left

rFire   . . .      SeeInvis .   D - +3 trident of Blood {elec, Str+5}
rCold   . . .      Faith    .   u - +0 buckler
rNeg    + . .      Spirit   .   a - +0 robe
rPois   .          Reflect  .   h - +1 hat
rElec   .          Harm     .   (no cloak)
rCorr   .          Rampage  .   (no gloves)
Will    .....      NoTele   +   o - +2 pair of boots {Fly}
Stlth   ++........              (no amulet)
HPRegen 0.23/turn               c - ring of positive energy
MPRegen 0.22/turn               J - ring of magical power

@: flying, constricted, drained
A: antennae 2, molten scales 1, demonic magic 2
a: Renounce Religion, Channel Magic, Forget Spell


You were in a Gauntlet.
You worshipped Sif Muna.
Sif Muna was most pleased with you.
You visited 2 branches of the dungeon, and saw 14 of its levels.
You also visited: Gauntlet.

You collected 618 gold pieces.

Inventory:

Hand Weapons
 d - a +0 dagger
 q - a +1 vorpal mace
 t - a +1 falchion of electrocution
 D - the +3 trident of Blood (weapon) {elec, Str+5}
   (You found it on level 7 of the Dungeon)

   It occasionally discharges a powerful burst of electricity upon striking a
   foe.
   Str:       It affects your strength (+5).
 H - a +3 scimitar of freezing
 L - a +4 scimitar of flaming
Armour
 a - a +0 robe (worn)
 h - a +1 hat (worn)
 o - a +2 pair of boots of flying (worn)
 u - a +0 buckler (worn)
Magical Staves
 O - a staff of fire
Jewellery
 c - a ring of positive energy (left hand)
 k - a ring of ice
 y - a ring of willpower
 A - a ring of willpower
 E - a ring of resist corrosion
 J - a ring of magical power (right hand)
Wands
 w - a wand of polymorph (8)
 z - a wand of digging (3)
 B - a wand of flame (4)
 C - a wand of iceblast (1)
 N - a wand of mindburst (5)
Scrolls
 e - 2 scrolls of magic mapping {unknown}
 f - 2 scrolls of fog {unknown}
 g - 2 scrolls of amnesia {unknown}
 i - 6 scrolls of identify
 l - a scroll of fear {unknown}
 m - a scroll of immolation {unknown}
 n - 2 scrolls of noise {unknown}
 s - 7 scrolls of teleportation
 G - a scroll of summoning {unknown}
 K - a scroll of silence {unknown}
 M - a scroll of vulnerability {unknown}
Potions
 b - 3 potions of magic
 j - 3 potions of might
 p - 2 potions of curing
 r - 3 potions of mutation
 v - a potion of haste {unknown}
 x - a potion of resistance {unknown}
 I - a potion of degeneration {unknown}


   Skills:
 + Level 7.8 Fighting
 + Level 7.5 Dodging
 - Level 1.7 Stealth
 - Level 5.4 Shields
 + Level 7.5 Spellcasting
 - Level 9.4 Ice Magic
 + Level 6.3 Invocations


You had 14 spell levels left.
You knew the following spells:

 Your Spells              Type           Power      Damage    Failure   Level
a - Freeze                Ice            100%       1d11      1%          1
b - Frozen Ramparts       Ice            90%        1d14      1%          3
c - Hailstorm             Conj/Ice       26%        3d7       16%         4
d - Ozocubu's Armour      Ice            45%        N/A       1%          3

Your spell library contained the following spells:

 Spells                   Type           Power      Damage    Failure   Level
 Sandblast                Erth           14%        2d6       12%         1
 Passwall                 Tmut/Erth      5%         N/A       17%         2
 Gell's Gravitas          Tloc           7%         N/A       34%         3
 Inner Flame              Hex/Fire       7%         N/A       34%         3
 Lesser Beckoning         Tloc           7%         N/A       34%         3
 Stone Arrow              Conj/Erth      14%        3d7       34%         3
 Teleport Other           Tloc           7%         N/A       34%         3
 Cause Fear               Hex            3%         N/A       75%         4
 Discord                  Hex            3%         N/A       100%        8


Dungeon Overview and Level Annotations

Branches:
Dungeon (13/15)            Temple (1/1) D:5         Gauntlet (1/1)
   Lair: D:8-11         Orc: D:9-12      Vaults: D:13-14

Altars:
Ashenzari
Cheibriados
Dithmenos
Fedhas
Gozag
Hepliaklqana
Makhleb
Okawaru
Qazlal
Sif Muna
Trog
Vehumet
Wu Jian
Xom
Yredelemnul

Annotations:
D:3 1 runed translucent door, Crazy Yiuf
D:7 2 transporters, decrepitue's ghost, novice FoFi
D:8 exclusion: downstairs
D:10 1 runed translucent door, TangoThomas's ghost, journeyman MfGl Gauntlet 11 transporters, 21 runed translucent doors


Innate Abilities, Weirdness & Mutations

You have a pair of antennae on your head.
You are partially covered in molten scales. (AC +2)
Spells you cast may paralyse nearby enemies.


Message History

Okay, then.
You feel much better.
You are engulfed in spectral mist.
The spectral centaur warrior fades away!
The ghost crab completely misses you. You block the ghost crab's attack.
Unknown command.
You feel much better.
You are engulfed in spectral mist.
The ghost crab breathes spectral mist at you.
The spectral mist engulfs you but does no damage.
Unknown command.
Unknown command.
Okay, then.
Aiming: Mindburst
Press: ? - help, Shift-Dir - straight line, f/p - ghost crab
Aim: a ghost crab (spectral mist, lightly damaged, chance to affect: 47%)
The ghost crab resists with some effort.
You are engulfed in spectral mist.
You block the ghost crab's attack. The ghost crab claws you.
You partially resist.
You feel drained.
Unknown command.
Unknown command.
Unknown command.
You barely miss the ghost crab.
The ghost crab is lightly damaged.
You are engulfed in spectral mist.
The ghost crab breathes spectral mist at you.
The spectral mist engulfs you but does no damage.
The spectral naga ritualist barely misses you.
The spectral naga ritualist grabs you.
The spectral naga ritualist constricts you.
The spectral goliath frog hits you but does no damage.
The spectral boulder beetle bites you but does no damage.
The spectral deep elf zephyrmancer fails to trigger a net trap.
You block the ghost crab's attack. The ghost crab claws you!
You hit the ghost crab.
The ghost crab is moderately damaged.
You are engulfed in spectral mist.
* * * LOW HITPOINT WARNING * * *
The spectral goliath frog hits you but does no damage.
You block the spectral naga ritualist's attack.
The spectral naga ritualist constricts you.
You die...

≈.....#######.#######....§8≈....#
####........#.#.........§.≈......
#8#........#.###########...#####
#########..#.#..^.≈...!#...#.zz+
#8#..#.#≈≈≈.≈≈.≈≈#...#.zz+
###..#.#..≈≈..≈..#...#z.##
#..#.#..☼°≈≈^≈$#...#zz+.
###..#©#ZZZ^.≈..©#...#zz+.
#8#..###≈@ZZ≈≈^..#...#zz+.
###....#§○t≈..≈.≈#...#..##
#....#☼°○☼^≈≈≈^#...#...+
###..#§§Z§≈...=#...#...+
#8#..###########...#####
###........#©#.......#©#
#≈.......#.#..≈∩≈..#.#
##########.#########.# #8#
§..............


You could see a ghost crab, a spectral six-headed hydra (summoned), 2 spectral
boulder beetles, a spectral naga ritualist (summoned), a spectral goliath frog
(summoned) and a spectral deep elf zephyrmancer (summoned).

Vanquished Creatures
  A hydra (D:11)
  Erica (D:11)
  2 two-headed ogres (D:10)
  A cyclops (D:11)
  An ugly thing (D:10)
  A shining eye (Gauntlet)
  3 kobold demonologists
  3 trolls
  Grinder (D:3)
  A centaur simulacrum (Gauntlet)
  A wyvern (D:8)
  A shadow (D:11)
  11 yaks (D:10)
  2 wraiths
  A golden eye (Gauntlet)
  A steam dragon (D:8)
  A water moccasin (D:7)
  A sky beast (D:5)
  An orc warrior (D:11)
  2 black bears
  An ogre (D:5)
  4 wolves (D:8)
  3 centaurs
  4 kobold brigands
  A bullfrog (D:9)
  2 necrophages (D:6)
  A scorpion (D:7)
  10 wights
  7 killer bees (D:9)
  3 electric eels (D:8)
  5 howler monkeys
  7 hounds
  4 orc priests
  Jessica (D:1)
  Terence (D:3)
  4 orc wizards
  4 gnolls (D:4)
  17 adders
  2 shadow imps
  3 white imps
  4 ufetubi
  2 dart slugs
  19 orcs
  11 ball pythons
  10 endoplasms
  3 giant cockroaches
  11 goblins
  6 hobgoblins
  5 quokkas
  6 bats
  4 frilled lizards
  16 kobolds
  3 rats
221 creatures vanquished.

Vanquished Creatures (others)
  2 kobolds (D:8)
  4 demonic plants (Gauntlet)
  A plant (D:6)
  23 withered plants (Gauntlet)
30 creatures vanquished.

Grand Total: 251 creatures vanquished

Notes
Turn   | Place    | Note
-------+----------+-------------------------------------------
     0 | D:1      | topfpfpflanze the Demonspawn Ice Elementalist began the
                  | quest for the Orb.
     0 | D:1      | Reached XP level 1. HP: 13/13 MP: 3/3
   386 | D:1      | Reached skill level 4 in Ice Magic
   492 | D:1      | Gained mutation: You are partially covered in molten
                  | scales. (AC +2) [demonic ancestry]
   492 | D:1      | Reached XP level 2. HP: 19/19 MP: 1/5
  1141 | D:2      | Found a faded altar of an unknown god.
  1189 | D:2      | Reached XP level 3. HP: 18/24 MP: 3/6
  1315 | D:2      | Found a shimmering altar of Xom.
  1320 | D:2      | Noticed Jessica
  1530 | D:1      | Killed Jessica
  1531 | D:1      | Reached skill level 5 in Ice Magic
  1599 | D:2      | Reached XP level 4. HP: 29/30 MP: 2/7
  1761 | D:2      | Learned a level 3 spell: Frozen Ramparts
  2349 | D:3      | Found a shadowy altar of Dithmenos.
  2375 | D:3      | Noticed Grinder
  2584 | D:3      | Noticed Terence
  2596 | D:3      | Killed Terence
  2597 | D:3      | Reached XP level 5. HP: 35/35 MP: 2/8
  2707 | D:3      | Reached skill level 6 in Ice Magic
  2787 | D:3      | Paralysed by Grinder for 2 turns
  2836 | D:3      | Killed Grinder
  2837 | D:3      | Reached skill level 7 in Ice Magic
  2837 | D:3      | Gained mutation: You have a pair of small antennae on your
                  | head. [demonic ancestry]
  2837 | D:3      | Reached XP level 6. HP: 33/41 MP: 1/9
  3438 | D:3      | Found a runed translucent door.
  3439 | D:3      | Noticed Crazy Yiuf
  3949 | D:5      | Entered Level 5 of the Dungeon
  3958 | D:5      | Found a staircase to the Ecumenical Temple.
  4011 | Temple   | Entered the Ecumenical Temple
  4081 | Temple   | Became a worshipper of Sif Muna the Loreminder
  4181 | D:5      | Reached XP level 7. HP: 14/47 MP: 6/10
  4436 | D:5      | Learned a level 4 spell: Hailstorm
  4467 | D:5      | Reached skill level 1 in Fighting
  4467 | D:5      | Reached skill level 1 in Shields
  5887 | D:4      | Found a basalt altar of Yredelemnul.
  6620 | D:6      | Gained mutation: You have a pair of antennae on your head.
                  | [demonic ancestry]
  6620 | D:6      | Reached XP level 8. HP: 47/57 MP: 5/12
  6624 | D:6      | Learned a level 3 spell: Ozocubu's Armour
  6811 | D:6      | Reached * piety under Sif Muna
  6896 | D:6      | Found a stormy altar of Qazlal.
  6941 | D:6      | Reached skill level 8 in Ice Magic
  8421 | D:7      | Noticed a six-headed hydra
  8422 | D:7      | Noticed decrepitue's ghost (novice FoFi)
  8736 | D:7      | Found a transporter.
  8739 | D:7      | Found a transporter.
  8748 | D:7      | Identified the +0 leather armour of the Doomed God {Int+5}
  8972 | D:7      | Identified the +3 trident of Blood {elec, Str+5}
  9492 | D:8      | Gained mutation: Spells you cast may paralyse adjacent
                  | enemies. [demonic ancestry]
  9492 | D:8      | Reached XP level 9. HP: 48/65 MP: 5/15
  9609 | D:8      | Noticed a troll
  9618 | D:8      | Killed a troll
  9627 | D:8      | Reached ** piety under Sif Muna
  9858 | D:8      | Reached skill level 5 in Spellcasting
  9993 | D:9      | Reached skill level 5 in Dodging
 10089 | D:9      | Reached skill level 5 in Fighting
 10149 | D:9      | Reached skill level 9 in Ice Magic
 10241 | D:10     | Entered Level 10 of the Dungeon
 10242 | D:10     | Noticed a two-headed ogre
 10249 | D:10     | Killed a two-headed ogre
 10250 | D:10     | Reached skill level 5 in Shields
 10250 | D:10     | Gained mutation: Spells you cast may paralyse nearby
                  | enemies. [demonic ancestry]
 10250 | D:10     | Reached XP level 10. HP: 38/74 MP: 5/18
 10267 | D:10     | Noticed a brown ugly thing
 10280 | D:10     | Killed a brown ugly thing
 10753 | D:10     | Noticed a two-headed ogre
 10765 | D:10     | Killed a two-headed ogre
 11080 | D:10     | Noticed a +2 hand axe of chaos
 11081 | D:10     | Found a runed translucent door.
 11081 | D:10     | Found a shimmering altar of Xom.
 11081 | D:10     | Noticed TangoThomas's ghost (journeyman MfGl)
 11120 | D:10     | Reached *** piety under Sif Muna
 11121 | D:10     | Reached skill level 1 in Invocations
 12067 | D:11     | Reached XP level 11. HP: 76/83 MP: 21/21
 12157 | D:11     | Noticed Erica
 12175 | D:11     | Killed Erica
 12323 | D:11     | Found a radiant altar of Vehumet.
 12455 | D:11     | Reached skill level 5 in Invocations
 12938 | D:11     | Noticed a seven-headed hydra
 12949 | D:11     | Killed a seven-headed hydra
 13496 | D:12     | Noticed a boulder beetle
 13505 | D:13     | Noticed a sun demon
 13505 | D:13     | Found a gate leading to a gauntlet.
 13511 | Gauntlet | Entered a Gauntlet
 13511 | Gauntlet | Found a transporter.
 13511 | Gauntlet | Found a transporter.
 13525 | Gauntlet | Noticed a necromancer
 13551 | Gauntlet | Noticed a shining eye
 13789 | Gauntlet | Found a transporter.
 13789 | Gauntlet | Found a transporter.
 13799 | Gauntlet | Found a transporter.
 13818 | Gauntlet | Found a transporter.
 13824 | Gauntlet | Found a large runed translucent door.
 13825 | Gauntlet | Found a large runed translucent door.
 13826 | Gauntlet | Found a large runed translucent door.
 13826 | Gauntlet | Found a large runed translucent door.
 13827 | Gauntlet | Found a runed translucent gate.
 13828 | Gauntlet | Found a large runed translucent door.
 13828 | Gauntlet | Found a large runed translucent door.
 13828 | Gauntlet | Found a runed translucent door.
 13828 | Gauntlet | Found a transporter.
 13828 | Gauntlet | Found a runed translucent gate.
 13828 | Gauntlet | Found a transporter.
 13829 | Gauntlet | Found a large runed translucent door.
 13829 | Gauntlet | Found a runed translucent gate.
 13829 | Gauntlet | Found a runed translucent door.
 13830 | Gauntlet | Found a large runed translucent door.
 13832 | Gauntlet | Found a transporter.
 13837 | Gauntlet | Found a large runed translucent door.
 13837 | Gauntlet | Found a large runed translucent door.
 13837 | Gauntlet | Noticed a ghost crab
 13838 | Gauntlet | Found a large runed translucent door.
 13839 | Gauntlet | Found a large runed translucent door.
 13859 | Gauntlet | Found a transporter.
 13866 | Gauntlet | Found a transporter.
 13914 | Gauntlet | Found a transporter.
 13923 | Gauntlet | Found a transporter.
 13938 | Gauntlet | Noticed a catoblepas
 13939 | Gauntlet | Found a transporter.
 14040 | Gauntlet | Found a transporter.
 14046 | Gauntlet | Noticed a wizard
 14056 | Gauntlet | Found a transporter.
 14071 | Gauntlet | Found a large runed translucent door.
 14071 | Gauntlet | Found a large runed translucent door.
 14072 | Gauntlet | Found a large runed translucent door.
 14073 | Gauntlet | Found a large runed translucent door.
 14182 | Gauntlet | Killed a shining eye
 14368 | Gauntlet | Identified the ring "Hisiff" {Wiz Int+2 Dex+4}
 14376 | Gauntlet | HP: 3/79 [ghost crab] (21)]
 14376 | Gauntlet | Constricted to death by a spectral naga ritualist

Illustrated notes

Levels and vault maps discovered:
D:1:      nzn_arrival_settlement, layout_basic
D:2:      layout_rooms, basic_altar, dreamdust_ecumenical_altar_statues,
          kennysheep_cross_room, st_stairs_1, minmay_misc_feat_cross,
          uniq_jessica
D:3:      layout_loops_ring, marbit_many_paths, uniq_crazy_yiuf_cottage,
          uniq_grinder, uniq_terence
D:4:      layout_basic, kennysheep_mini_moat
D:5:      layout_basic, minmay_temple_entry_mini_moons
D:6:      layout_rooms, mainiacjoe_overflow_six_doors_small, kennysheep_boxes
D:7:      layout_layer_cave, gammafunk_ghost_arena
D:8:      layout_basic, zin_scriptorium, mainiacjoe_overflow_alcove_2,
          mainiacjoe_overflow_divided_tiny, erik_lair_island, enter_bailey_2,
          uniq_psyche, uniq_joseph, uniq_pikel
D:9:      layout_basic, nemelex_diamond_rough_becter,
          nicolae_kikubaaqudgha_miasma_corner, serial_shops, shop
D:10:     layout_roguey, ebering_ghost_xom, st_stairs_12
D:11:     layout_loops_corners, fiery_altar_vehumet, uniq_erica
D:12:     lemuel_troll_bridge, layout_basic, orc_0_dummy, serial_shops,
          nicolae_shop_behind_doors, uniq_nergalle
D:13:     layout_basic, david_vaults_1, serial_demonic, serial_demonic_b,
          serial_demonic_g, serial_demonic_a, serial_demonic_f,
          serial_demonic_c, serial_demonic_b, gauntlet_entry_generic
Temple:   nicolae_temple_ecumenical_triangle
Gauntlet: gammafunk_gauntlet_branching [gammafunk_gauntlet_arena_hedges,
          gammafunk_gauntlet_arena_split_x, gammafunk_gauntlet_arena_teeth,
          gammafunk_gauntlet_arena_mazey,
          gammafunk_gauntlet_arena_split_diamond,
          gammafunk_gauntlet_arena_corners,
          minmay_gauntlet_arena_make_your_own_arena,
          nicolae_gauntlet_arena_flowing_pool, gauntlet_exit_watery]

Skill      XL: |  1  2  3  4  5  6  7  8  9 10 11 |
---------------+----------------------------------+-----
Ice Magic      | 4 5 7 8 9 |  9.4
Dodging        | 2 3 4 5 6 7 |  7.5
Fighting       | 2 3 5 6 7 |  7.8
Shields        | 2 3 5 |  5.4
Spellcasting   | 3 4 5 6 7 |  7.5
Invocations    | 4 6 |  6.3
Stealth        | |  1.7

Action                   |  1- 3 |  4- 6 |  7- 9 | 10-12 || total
-------------------------+-------+-------+-------+-------++-------
Melee: Dagger            |     8 |    18 |       |       ||    26
       Mace              |       |    15 |       |       ||    15
       Punch             |       |     1 |     1 |       ||     2
       Falchion          |       |     6 |    58 |     4 ||    68
       Trident           |       |       |       |    64 ||    64
 Cast: Freeze            |    45 |    75 |    76 |    42 ||   238
       Frozen Ramparts   |       |    10 |    51 |    27 ||    88
       Hailstorm         |       |       |     1 |     4 ||     5
       Ozocubu's Armour  |       |       |    11 |    17 ||    28
Evoke: Wand              |       |       |     9 |     2 ||    11
  Use: Potion            |       |     5 |     2 |     6 ||    13
       Scroll            |       |       |     2 |       ||     2
 Stab: Sleeping          |       |     2 |       |       ||     2
       Paralysed         |       |       |     1 |    11 ||    12
Armor: Robe              |    10 |    37 |    38 |    49 ||   134
       Skin              |       |     3 |       |       ||     3
Dodge: Dodged            |    34 |    65 |    98 |    78 ||   275
Block: Buckler           |       |       |       |    39 ||    39
